 Dungeon Crawl Stone Soup version 0.29-a0-375-g5102b3be25 (webtiles) character file.

Game seed: 6314249716917974109

707 Antichthon the Covered (level 7, -8/44 HPs)
             Began as a Gargoyle Fighter on May 3, 2022.
             Mangled by an orc warrior
             ... wielding a +0 glaive
              (10 damage)
             ... on level 6 of the Dungeon.
             The game lasted 00:06:47 (5868 turns).

Antichthon the Covered (Gargoyle Fighter)           Turns: 5868, Time: 00:06:48

Health: -8/44      AC: 16    Str: 19    XL:     7   Next: 67%
Magic:  8/8        EV:  7    Int: 11    God:
Gold:   288        SH:  4    Dex:  9    Spells: 6/6 levels left

rFire   . . .      SeeInvis .   a - +0 flail
rCold   . . .      Faith    .   c - +0 buckler
rNeg    + . .      Spirit   .   i - +0 chain mail
rPois   ∞          Reflect  .   (no helmet)
rElec   +          Harm     .   (no cloak)
rCorr   .          Rampage  .   (no gloves)
Will    .....                   e - +1 pair of boots
Stlth   ..........              (no amulet)
HPRegen 0.14/turn               (no ring)
MPRegen 0.11/turn               (no ring)

@: no status effects
A: sickness immunity, AC +4, negative energy resistance 1, electricity
resistance, torment resistance 1, petrification resistance
a: no special abilities


You were on level 6 of the Dungeon.
You visited 1 branch of the dungeon, and saw 6 of its levels.

You collected 288 gold pieces.

Inventory:

Hand Weapons
 a - a +0 flail (weapon)
Missiles
 f - a throwing net (quivered)
Armour
 c - a +0 buckler (worn)
 e - a +1 pair of boots (worn)
 i - a +0 chain mail (worn)
Scrolls
 g - 2 scrolls of fear
 k - a scroll of immolation
 l - a scroll of poison
 o - a scroll of blinking
 p - a scroll of enchant armour
Potions
 b - a potion of heal wounds {unknown}
 d - 3 potions of might
 h - a potion of invisibility {unknown}
 j - a potion of curing
 m - a potion of mutation {unknown}
 n - a potion of experience {unknown}


   Skills:
 * Level 4.6 Fighting
 * Level 5.1 Maces & Flails
 * Level 5.2 Armour
 * Level 1.7 Dodging
 * Level 4.3 Shields
 * Level 2.5 Invocations


You had 6 spell levels left.
You didn't know any spells.
Your spell library contained the following spells:

 Spells                   Type           Power      Damage    Failure   Level
 Foxfire                  Conj/Fire      0%         2x1d4     99%         1
 Shock                    Conj/Air       0%         1d3       99%         1
 Scorch                   Fire           0%         2d5       100%        2
 Conjure Flame            Conj/Fire      0%         6-21      100%        3
 Ignite Poison            Fire/Tmut/Pois 0%         N/A       100%        3
 Inner Flame              Hex/Fire       0%         N/A       100%        3
 Mephitic Cloud           Conj/Pois/Air  0%         N/A       100%        3
 Swiftness                Air            0%         N/A       100%        3
 Tukima's Dance           Hex            0%         N/A       100%        3
 Airstrike                Air            0%         N/A       100%        4
 Flame Wave               Conj/Fire      0%         2d4       100%        4
 Passage of Golubria      Tloc           0%         N/A       100%        4
 Freezing Cloud           Conj/Ice/Air   0%         6-21      100%        5
 Yara's Violent Unravell  Hex/Tmut       0%         3d3       100%        5
 Summon Cactus Giant      Summ           0%         N/A       100%        6


Dungeon Overview and Level Annotations

Branches:
Dungeon (6/15)
 Temple: D:4-7

Altars:
Cheibriados

Annotations:
D:3 1 runed translucent door, timneilson's ghost, amateur GrFi


Innate Abilities, Weirdness & Mutations

You are immune to sickness and miasma.
Your stone body is resilient. (AC +4)
You are immune to poison.
You resist negative energy. (rN+)
You are resistant to electric shocks. (rElec)
You are resistant to unholy torment.
You are immune to petrification.


Message History

You open the door.
There is an open door here.
Done exploring.
Blink to where?
Press: ? - help, Dir - move target
As you read the scroll labelled SEDDIPN IHYGYS, it crumbles to dust.
It was a scroll of blinking.
Done exploring.
Done exploring.
(D) Dungeon
Where to? (Enter - D:5, ? - help)
There is a stone staircase leading down here.
You climb downwards.
Found a scroll of enchant armour, 11 gold pieces and a battleaxe.
There is a stone staircase leading up here.
p - a scroll of enchant armour
Found a stone staircase leading up.
You now have 288 gold pieces (gained 11).
An orc warrior comes into view. It is wielding a +0 glaive.
Okay, then.
The orc warrior shouts!
An orc priest comes into view. It is wielding a +0 falchion.
The orc priest calls down the wrath of Beogh upon you.
Beogh smites you!
You hear a shout!
An orc comes into view. It is wielding a +0 whip.
The orc warrior closely misses you.
An orc comes into view. It is wielding a +0 war axe.
The orc shouts!
The orc warrior hits you with a +0 glaive!
You hit the orc priest.
The orc priest is lightly wounded.
The orc warrior hits you with a +0 glaive!
The orc priest looks braver for a moment.
The orc priest attacks as you move away!
The orc priest hits you but does no damage.
The orc warrior hits you with a +0 glaive!
* * * LOW HITPOINT WARNING * * *
The orc warrior hits you from afar with a +0 glaive!
You die...

)...... ... ...
#...# #.# ....
##...####.####....
#....<............
#..............<..
#.................
#.................
#.................
#....####@########
###### ##.###
#.oo.# +..$.#
#.o..# #.o..+
#....# #....#
#....#


You could see an orc warrior, an orc priest and 2 orcs.

Vanquished Creatures
  3 necrophages
  A scorpion (D:5)
  A hound (D:5)
  2 orc priests
  2 iguanas
  An orc wizard (D:5)
  4 gnolls (D:2)
  14 adders
  3 worms
  3 dart slugs
  11 orcs
  8 ball pythons
  8 bats
  8 endoplasms
  6 giant cockroaches
  8 goblins
  10 hobgoblins
  2 jackals (D:1)
  7 quokkas
  2 frilled lizards
  6 kobolds
  5 rats (D:1)
115 creatures vanquished.

Vanquished Creatures (others)
  2 withered plants (D:3)
2 creatures vanquished.

Grand Total: 117 creatures vanquished

Notes
Turn   | Place    | Note
-------+----------+-------------------------------------------
     0 | D:1      | Antichthon the Gargoyle Fighter began the quest for the
                  | Orb.
     0 | D:1      | Reached XP level 1. HP: 14/14 MP: 1/1
   126 | D:1      | Found a faded altar of an unknown god.
   177 | D:1      | Reached XP level 2. HP: 14/19 MP: 2/2
   459 | D:1      | Reached XP level 3. HP: 23/23 MP: 3/3
   885 | D:1      | Reached skill level 1 in Invocations
  1170 | D:2      | Reached XP level 4. HP: 29/29 MP: 4/4
  1862 | D:2      | Reached XP level 5. HP: 33/33 MP: 4/6
  1975 | D:2      | Reached skill level 1 in Dodging
  2579 | D:3      | Found a runed translucent door.
  2579 | D:3      | Noticed timneilson's ghost (amateur GrFi)
  3249 | D:4      | Noticed a torpor snail
  3250 | D:4      | Found a snail-covered altar of Cheibriados.
  3252 | D:4      | Noticed a torpor snail
  3266 | D:4      | Noticed a torpor snail
  3316 | D:4      | Reached XP level 6. HP: 29/38 MP: 7/7
  3515 | D:5      | Entered Level 5 of the Dungeon
  4943 | D:5      | Reached XP level 7. HP: 43/43 MP: 8/8
  5490 | D:5      | Reached skill level 5 in Maces & Flails
  5490 | D:5      | Reached skill level 5 in Armour
  5867 | D:6      | HP: 2/44 [orc warrior/+0 glaive (13)]
  5868 | D:6      | Mangled by an orc warrior

Illustrated notes

Levels and vault maps discovered:
D:1:      dpeg_arrival_ratfight, layout_loops_ring, basic_ecumenical_altar
D:2:      layout_basic
D:3:      layout_loops_cross, gammafunk_ghost_grave
D:4:      layout_loops_ring, cheibriados_altar_2, nicolae_elevator_lobby_plus
D:5:      layout_gridville, serial_rivers, chequers_serial_rivers_room_b,
          chequers_serial_rivers_micro_a, chequers_serial_rivers_large_b,
          chequers_serial_rivers_micro_c, chequers_serial_rivers_micro_e,
          chequers_serial_rivers_room_b
D:6:      layout_gridville, kiku_gazebo_pond_becter,
          minmay_hollow_rounded_squares

Skill      XL: |  1  2  3  4  5  6  7 |
---------------+----------------------+-----
Invocations    | 1 2 |  2.5
Maces & Flails | 3 4 5 |  5.1
Armour         | 4 5 |  5.2
Dodging        | 1 |  1.7
Fighting       | 4 |  4.6
Shields        | 4 |  4.3

Action                   |  1- 3 |  4- 6 |  7- 9 || total
-------------------------+-------+-------+-------++-------
Melee: Flail             |   111 |   317 |    98 ||   526
  Use: Scroll            |     3 |     9 |     1 ||    13
       Potion            |       |     2 |       ||     2
Armor: Scale mail        |    55 |    14 |       ||    69
       Chain mail        |       |   270 |    74 ||   344
Dodge: Dodged            |    70 |   159 |    30 ||   259
Block: Buckler           |    13 |    65 |    18 ||    96

Table legend: (Time is in decaauts)
 A = Elapsed time spent in this place.
 B = Non-inter-level travel time spent in this place.
 C = Inter-level travel time spent in this place.
 D = Time resting spent in this place.
 E = Time spent auto-exploring this place.
 F = Levels seen in this place.
 G = Mean time per level.
                   A        B        C        D        E       F      G
               +--------+--------+--------+--------+--------+-----+--------+
         Total |   6033 |   5884 |    149 |    487 |   4051 |   6 | 1005.5 |
       Dungeon |   6033 |   5884 |    149 |    487 |   4051 |   6 | 1005.5 |
               +--------+--------+--------+--------+--------+-----+--------+

Top non-repeatable levels by time:
     D:5: 1510 daAuts
     D:2: 1373 daAuts
     D:4: 1218 daAuts
     D:1: 1075 daAuts
     D:3: 828 daAuts
     D:6: 28 daAuts
